 Dungeon Crawl Stone Soup version 0.29-a0-284-gf9362112df (webtiles) character file.

Game seed: 5126365865522471181

19 sammy202020 the Skirmisher (level 2, 0/24 HPs)
             Began as a Demonspawn Berserker on Mar 26, 2022.
             Was a Follower of Trog.
             Fell down a flight of stairs (1 damage)
             ... on level 2 of the Dungeon.
             The game lasted 00:00:48 (1024 turns).

sammy202020 the Skirmisher (Demonspawn Berserker)   Turns: 1024, Time: 00:00:50

Health: 0/24       AC:  2    Str: 17    XL:     2   Next: 55%
Magic:  2/2        EV: 12    Int:  8    God:    Trog [*.....]
Gold:   70         SH:  0    Dex: 12    Spells: 1/1 levels left

rFire   . . .      SeeInvis .   a - +0 hand axe
rCold   . . .      Faith    .   (no shield)
rNeg    . . .      Spirit   .   b - +0 animal skin
rPois   .          Reflect  .   (no helmet)
rElec   .          Harm     .   (no cloak)
rCorr   .          Rampage  .   (no gloves)
Will    .....                   (no boots)
Stlth   +.........              (no amulet)
HPRegen 0.08/turn               (no ring)
MPRegen 0.08/turn               (no ring)

@: confused
A: weakness stinger 1
a: Renounce Religion, Berserk


You were on level 2 of the Dungeon.
You worshipped Trog.
Trog was aware of your devotion.
You visited 1 branch of the dungeon, and saw 2 of its levels.

You collected 70 gold pieces.

Inventory:

Hand Weapons
 a - a +0 hand axe (weapon)
Armour
 b - a +0 animal skin (worn)
Scrolls
 d - a scroll of torment {unknown}
 e - 3 scrolls of identify {unknown}
 f - a scroll of blinking {unknown}
Potions
 c - a potion of magic {unknown}


   Skills:
 * Level 3.4 Fighting
 * Level 3.0 Axes
 + Level 2.0 Armour
 + Level 2.0 Dodging


You had one spell level left.
You didn't know any spells.
Your spell library was empty.

Dungeon Overview and Level Annotations

Branches:
Dungeon (2/15)

Altars:


Innate Abilities, Weirdness & Mutations

You have a small tail.


Message History

Deactivating autopickup; reactivate with Ctrl-A.
The orc closely misses you.
You closely miss the orc priest.
The orc priest is lightly wounded.
You miss something. You hit the orc.
You kill the orc!
Trog accepts your kill.
The orc priest casts a cantrip, but nothing happens.
The orc priest looks braver for a moment.
Something hits you.
Your Axes skill increases to level 3!
Your Armour skill increases to level 2!
You slash the orc priest!
The orc priest is severely wounded.
You closely miss something.
The orc priest hits you with a +0 dagger.
You hear some strange, mumbled words.
You are confused.
The orc priest attacks as you move away!
The orc priest completely misses you.
The orc priest hits you with a +0 dagger.
* * * LOW HITPOINT WARNING * * *
There is a stone staircase leading up here.
Okay, then.
You're too confused to move!
The orc priest misses you. Something hits you but does no damage.
The orc priest misses you.
You closely miss the orc priest.
The orc priest is heavily wounded.
You hit the orc priest. You closely miss something.
The orc priest hits you with a +0 dagger.
* * * LOW HITPOINT WARNING * * *
Something hits you.
* * * LOW HITPOINT WARNING * * *
The orc priest hits you but does no damage.
The orc priest hits you with a +0 dagger.
* * * LOW HITPOINT WARNING * * *
Something hits you.
* * * LOW HITPOINT WARNING * * *
The orc priest casts a cantrip, but nothing happens.
In your confused state, you trip and fall back down the stairs.
You die...

........+
.......
......
....
...###
#....##
##o=...##
#@{)....#
#.o.......
#.......##
.......##
##......#
##.#.#.#
#.#.#.#
....# #


You could see 2 orc priests.

Vanquished Creatures
  2 orcs (D:2)
  2 bats (D:1)
  3 endoplasms (D:1)
  A hobgoblin (D:1)
  A quokka (D:1)
  2 ball pythons (D:1)
  A frilled lizard (D:1)
  3 kobolds (D:1)
  2 rats (D:1)
17 creatures vanquished.

Notes
Turn   | Place    | Note
-------+----------+-------------------------------------------
     0 | D:1      | sammy202020 the Demonspawn Berserker began the quest for
                  | the Orb.
     0 | D:1      | Reached XP level 1. HP: 18/18 MP: 1/1
   100 | D:1      | Found a faded altar of an unknown god.
   378 | D:1      | Gained mutation: You have a small tail. [demonic ancestry]
   378 | D:1      | Reached XP level 2. HP: 17/24 MP: 2/2
  1023 | D:2      | HP: 1/24 [something (1)]
  1024 | D:2      | Fell down a flight of stairs

Illustrated notes

Levels and vault maps discovered:
D:1:      eino_arrival_cavern_a, layout_basic,
          hellmonk_ecumenical_altar_crossroads
D:2:      layout_loops_corners, minmay_tromino_i2

Skill      XL: |  1  2 |
---------------+-------+-----
Dodging        | 2 |  2.0
Axes           | 3 |  3.0
Armour         | 2 |  2.0
Fighting       | |  3.4

Action                   || total
-------------------------++-------
Melee: Hand axe          ||    41
       Tailslap          ||     1
Armor: Animal skin       ||    17
Dodge: Dodged            ||    28

Table legend: (Time is in decaauts)
 A = Elapsed time spent in this place.
 B = Non-inter-level travel time spent in this place.
 C = Inter-level travel time spent in this place.
 D = Time resting spent in this place.
 E = Time spent auto-exploring this place.
 F = Levels seen in this place.
 G = Mean time per level.
                   A        B        C        D        E       F      G
               +--------+--------+--------+--------+--------+-----+--------+
         Total |   1030 |   1030 |      0 |      0 |    899 |   2 |  515.0 |
       Dungeon |   1030 |   1030 |      0 |      0 |    899 |   2 |  515.0 |
               +--------+--------+--------+--------+--------+-----+--------+

Top non-repeatable levels by time:
     D:1: 1018 daAuts
     D:2: 11 daAuts
